AoeStats
← Tahowsky_91

Oasis

508052651Analyzed
4v4 RM · 12d ago on Sep 20, 2026· 20m 0s· 8 players
Game mode
Random Map
Map size
Large (8 player)
Population
200
Speed
Normal
Resources
Standard
Victory
Conquest
Starting age
Dark Age
Ending age
Imperial Age
RankedLock teamsTeams togetherTeam positionsShared explorationLock speedFull tech treeHidden civsTurbo modeCheats
Victory
Defeat
🇹🇷 Mongols · Türkiye
1428
+9
🇹🇷 Saracens · Türkiye
1354
+12
🇹🇷 Hindustanis · Türkiye
1350
+12
🇹🇷 Magyars · Türkiye
1101
+21
🇩🇪 Vietnamese · Germany
1273
-14
🇫🇮 Poles · Finland
1264
-15
🇫🇮 Britons · Finland
1239
-13
🇩🇪 Persians · Germany
1224
-12
Finarfin
8:40 Loom
11:00 Feudal Age
12:18 Wheelbarrow
11:24 Horse Collar
11:29 Double-Bit Axe
12:45 Town Watch
19:17 Fletching
Sarah0nFire
8:34 Loom
10:52 Feudal Age
16:16 Castle Age
14:12 Double-Bit Axe
14:09 Horse Collar
16:09 Gold Mining
Sir Dman II.
8:51 Loom
11:01 Feudal Age
16:19 Castle Age
15:02 Double-Bit Axe
15:54 Fletching
19:13 Bodkin Arrow
19:50 Crossbowman
Mursustaja
7:52 Loom
11:37 Feudal Age
15:30 Castle Age
13:56 Double-Bit Axe
15:47 Crossbowman
18:24 Wheelbarrow
18:31 Fletching
BassMaverick
6:33 Loom
10:38 Feudal Age
11:43 Double-Bit Axe
11:43 Horse Collar
14:06 Fletching
15:14 Horse Collar
dLL
9:59 Feudal Age
10:12 Feudal Age
12:02 Loom
12:42 Double-Bit Axe
15:03 Castle Age
16:21 Gold Mining
16:44 Bow Saw
17:49 Wheelbarrow
19:44 Town Watch
Tahowsky_91
8:26 Feudal Age
9:19 Double-Bit Axe
10:17 Horse Collar
17:01 Castle Age
17:08 Light Cavalry
17:59 Forging
18:01 Bow Saw
20:14 Loom
21:05 Wheelbarrow
aragorn
3:47 Loom
12:07 Feudal Age
19:35 Castle Age
18:24 Double-Bit Axe
Connection lost

Rejoining the realm…

Still unreachable

The connection could not be restored.

Session expired

The server has moved on; the page needs a fresh start.